 Dungeon Crawl Stone Soup version 0.17-a0-1564-g7b572aa (webtiles) character file.

151138 urechis the Black Belt (level 16, -2/165 HPs)
             Began as a Troll Monk on July 21, 2015.
             Was an Elder of Jiyva.
             Slain by a naga warrior
             ... wielding a +0 trident
              (6 damage)
             ... on level 1 of the Snake Pit.
             The game lasted 02:01:34 (29935 turns).

urechis the Black Belt (Troll Monk)                Turns: 29935, Time: 02:01:34

Health: -2/165     AC: 17    Str: 11    XL:     16   Next: 36%
Magic:  21/21      EV: 14    Int: 10    God:    Jiyva [****..]
Gold:   2481       SH: 12    Dex: 25    Spells: 0 memorised, 15 levels left

rFire  . . .     SeeInvis +       - Unarmed
rCold  . . .     Clarity  .     t - +0 swamp dragon armour
rNeg   + . .     SustAt   .     X - +0 shield
rPois  +         Gourm    +     (helmet restricted)
rElec  .         Spirit   .     n - +0 cloak {+Inv}
rCorr  +         Warding  +     (gloves unavailable)
rMut   .         Stasis   .     (boots unavailable)
MR     +....                    m - amulet of warding
Stlth  +++.......               F - ring of flight
                                l - ring of stealth

@: constricted, studying Evocations, somewhat resistant to hostile enchantments,
fairly stealthy
A: unfitting armour, antennae 1, claws 3, iridescent scales 1, see invisible,
blink 2, fast metabolism 3, gourmand, regeneration 2, shaggy fur 1, tough skin
2, translucent skin 1
a: Blink, Request Jelly, Jelly Paralyse, Slimify, Renounce Religion, Evoke
Invisibility, Evoke Flight
}: 2/15 runes: decaying, slimy


You were on level 1 of the Snake Pit.
You worshipped Jiyva.
Jiyva was greatly pleased with you.
You were full.

You visited 7 branches of the dungeon, and saw 35 of its levels.
You also visited: Ossuary and Bailey.

You collected 2523 gold pieces.
You spent 42 gold pieces at shops.

Inventory:

Armour
 n - a +0 cloak of invisibility (worn)
 t - a +0 swamp dragon armour (worn)
 A - a +2 robe of cold resistance
 X - a +0 shield (worn)
Rods
 a - a +3 rod of destruction (9/9)
   (You took it off an orc on level 3 of the Orcish Mines)
Jewellery
 i - an uncursed ring of protection from fire
 l - a ring of stealth (left claw)
 m - an amulet of warding (around neck)
 F - a ring of flight (right claw)
Magical devices
 k - a wand of heal wounds (2)
 w - a wand of disintegration (12)
Scrolls
 q - 2 scrolls of enchant weapon
 s - a scroll of fear
 x - 3 scrolls of fog
 B - a scroll of enchant armour
 C - 3 scrolls of recharging
 H - a scroll of amnesia
 I - 2 scrolls of magic mapping
 J - 4 scrolls of teleportation
 O - 5 scrolls of remove curse
 V - 3 scrolls of silence
Potions
 c - 5 potions of curing
 d - 5 potions of haste
 e - a potion of magic {unknown}
 f - 2 potions of invisibility {unknown}
 g - 5 potions of flight
 j - 5 potions of might
 o - 2 potions of ambrosia {unknown}
 p - a potion of cancellation {unknown}
 Q - 3 potions of agility {unknown}
 R - a potion of beneficial mutation {unknown}
 S - 2 potions of mutation {unknown}
 W - 2 potions of resistance
 Z - a potion of lignification {unknown}
Books
 h - a book of Fire

   Spells                             Type                      Level
   a - Ignite Poison                  Fire/Transmutation/Poison    3
   b - Fireball                       Conjuration/Fire             5
   c - Bolt of Fire                   Conjuration/Fire             6
   d - Delayed Fireball               Conjuration/Fire             7
   e - Ring of Flames                 Charms/Fire                  7
 r - a manual of Evocations
Comestibles
 b - 12 bread rations
 v - 6 meat rations
 E - 2 slices of pizza
 Y - 10 royal jellies


   Skills:
 - Level 12.2 Fighting
 * Level 5.7 Armour
 - Level 11.0 Dodging
 - Level 1.1 Stealth
 - Level 10.0 Shields
 - Level 17.0 Unarmed Combat
 * Level 8.8 Evocations


You had 15 spell levels left.
You didn't know any spells.

Dungeon Overview and Level Annotations

Branches:
Dungeon (11/15)            Temple (1/1) D:4            Lair (8/8) D:11
  Swamp (4/4) Lair:3        Snake (1/4) Lair:4        Slime (6/6) Lair:7
    Orc (4/4) D:10            Elf (0/3) Orc:3

Altars:
Ashenzari
Cheibriados
Dithmenos
Elyvilon
Fedhas
Gozag
Kikubaaqudgha
Makhleb
Nemelex Xobeh
Okawaru
Qazlal
Ru
Sif Muna
Trog
Vehumet
Xom
Yredelemnul
Zin
The Shining One
Beogh
Jiyva

Shops:
D:6 ?   Orc:4 }*}!*:}=

Annotations:
Slime:6 Royal Jelly


Innate Abilities, Weirdness & Mutations

You are too large for most types of armour.
You have claws for hands.
Your metabolism is lightning-fast.
You like to eat raw meat.
You heal very quickly.
You are covered in fur (AC +1).
You have very tough skin (AC +2).
You have a pair of small antennae on your head.
You are partially covered in iridescent scales (AC +4).
You have supernaturally acute eyesight.
You are good at translocating small distances at will.
Your skin is partially translucent (Stealth, -foe acc).


Message History

You claw the naga mage!
You kill the naga mage!
The naga warrior misses you. The naga warrior spits poison at you.
The splash of poison misses you.
Things that are here:
a spear; a robe; a naga corpse You mangle the naga warrior!!
The naga warrior begins to bleed from its wounds!
The naga warrior is moderately wounded.
You claw the naga warrior!
The naga warrior is moderately wounded.
You block the naga warrior's attack. The naga warrior grabs you.
* * * LOW HITPOINT WARNING * * *
The naga warrior constricts you.
You scratch the naga warrior.
The naga warrior is moderately wounded.
The naga warrior hits you with a trident!!
* * * LOW HITPOINT WARNING * * *
You die...

##.....##............
##.....##.##.#..#..###
##.......###...##..##..
##........##...###.##...
#........###..###..#....
#.....#...#.....#.##.##.
##...#...###.........###
##..##).##...........#.
##.##@###.............
###N.###.##..#.....##
#....†..##.#.....##
##.......###......
##......# #..##..#
##....###....#### ###..#
... #..... #..#


You could see a naga warrior (bleeding).

Vanquished Creatures
  Nikola (Swamp:2)
  Rupert (Lair:4)
  Kirke (Swamp:3)
  8 thorn hunters
  Maud (Lair:4)
  3 orc warlords (Orc:2)
  Aizul (Swamp:3)
  The ghost of urechis the Grappler, a powerful TrMo (Lair:7)
  A very ugly thing (Swamp:2)
  Harold (Orc:2)
  A naga warrior (Snake:1)
  2 ghost crabs (Swamp:3)
  Erica (D:8)
  The ghost of urechis the Grappler, an experienced TrMo of Ru (D:11)
  3 catoblepae (Lair:8)
  8 alligators
  20 death yaks
  5 orc high priests (Orc:4)
  Urug (Orc:3)
  3 spriggans
  A deep elf knight (Bailey)
  2 fire crabs
  7 swamp dragons
  3 spriggan druids
  A naga ritualist (Snake:1)
  2 shambling mangroves (Swamp:4)
  Pikel (D:4)
  The ghost of Duffy the Arsonist, an experienced VSFE of Sif Muna (D:7)
  3 mana vipers (Snake:1)
  3 orc knights (Orc:3)
  A hornet (Swamp:4)
  2 orc sorcerers (Orc:3)
  9 elephants
  3 ugly things
  2 naga magi (Snake:1)
  11 black mambas
  A guardian serpent (Snake:1)
  9 komodo dragons
  17 spiny frogs
  4 fire drakes
  A polar bear (Lair:7)
  4 trolls
  A deep elf priest (Bailey)
  4 giant leeches
  5 bog bodies
  Prince Ribbit (D:7)
  The ghost of Tux the Grave Robber, an average DsNe (D:4)
  8 blink frogs
  4 deep elf magi (Bailey)
  3 shadows
  2 wyverns
  4 basilisks
  15 hippogriffs
  43 yaks
  6 deep elf fighters (Bailey)
  3 hogs (Swamp:3)
  A human (Swamp:3)
  11 wargs
  21 vampire mosquitoes
  19 insubstantial wisps
  Edmund (D:6)
  8 wolves
  13 porcupines
  15 swamp worms
  4 nagas (Lair:4)
  4 sky beasts
  Duvessa (D:6)
  7 wasps
  A black bear (D:9)
  A slave (D:4)
  16 water moccasins
  21 orc warriors
  An eye of draining (D:9)
  3 ice beasts
  8 swamp drakes
  3 centaurs
  13 crocodiles
  9 ogres
  A big kobold (D:10)
  Blork the orc (D:6)
  12 giant frogs
  Dowan (D:6)
  4 scorpions
  12 wights
  An electric eel (Lair:7)
  A giant frog zombie (D:7)
  4 crimson imps
  A centaur zombie (D:5)
  5 hounds
  Crazy Yiuf (D:2)
  46 orc priests
  2 centaur skeletons
  A giant frog skeleton (D:11)
  3 jellies (D:8)
  20 orc wizards
  7 iguanas
  6 worker ants
  11 sheep
  A hound skeleton (D:4)
  8 mummies (Ossuary)
  11 gnolls
  A worker ant zombie (D:3)
  Robin (D:3)
  15 adders
  63 river rats
  5 oozes (D:8)
  6 shadow imps
  An adder skeleton (D:4)
  7 worms
  8 giant geckos
  162 orcs
  2 bat zombies
  6 giant cockroaches
  A gnoll zombie (Ossuary)
  21 hobgoblins
  7 jackals (D:5)
  19 kobolds
  9 quokkas
  5 ball pythons
  10 bats
  3 giant newts
  31 goblins
  A kobold zombie (Ossuary)
  6 orc zombies (Ossuary)
  12 rats
  A bush (Lair:8)
996 creatures vanquished.

Vanquished Creatures (others)
  Jorgrun (Swamp:3)
  2 acid blobs
  An azure jelly (Swamp:4)
  Nessos (Orc:3)
  2 hydras
  3 spriggans (Swamp:4)
  5 swamp dragons
  2 oklob plants
  2 hornets (Swamp:4)
  A griffon (Lair:8)
  4 elephants (Lair:8)
  A basilisk (Lair:8)
  3 spiny frogs
  A fire drake (Lair:8)
  3 bog bodies
  29 slime creatures
  A blink frog (Lair:8)
  6 yaks (Lair:8)
  A vampire mosquito (Swamp:4)
  A hog (Swamp:3)
  3 golden eyes (Slime:1)
  A human (Swamp:3)
  3 insubstantial wisps (Swamp:1)
  5 water moccasins
  4 swamp worms
  3 swamp drakes
  An orc warrior (Orc:3)
  2 wasps
  An eye of draining (Slime:5)
  An ogre (Orc:3)
  A crocodile (Lair:8)
  3 giant frogs
  A crimson imp (D:4)
  An orc priest (Orc:2)
  122 jellies
  A hound (D:10)
  An orc wizard (Orc:3)
  6 sheep (Lair:8)
  An adder (D:10)
  4 river rats (Lair:7)
  14 orcs
  A goblin (Orc:2)
  A hobgoblin (Orc:4)
  4 briar patches
  2 bushes
  87 fungi
  40 plants
  12 toadstools (Lair:1)
396 creatures vanquished.

Grand Total: 1392 creatures vanquished

Notes
Turn   | Place    | Note
--------------------------------------------------------------
     0 | D:1      | urechis the Troll Monk began the quest for the Orb.
     0 | D:1      | Reached XP level 1. HP: 22/22 MP: 0/0
   284 | D:1      | Reached XP level 2. HP: 26/29 MP: 1/1
   589 | D:2      | Reached XP level 3. HP: 31/36 MP: 2/2
   997 | D:2      | Noticed Crazy Yiuf
  1001 | D:2      | Paralysed by Crazy Yiuf for 2 turns
  1005 | D:2      | Killed Crazy Yiuf
  1005 | D:2      | Reached skill level 5 in Unarmed Combat
  1005 | D:2      | Reached XP level 4. HP: 2/45 MP: 3/3
  1423 | D:3      | Reached XP level 5. HP: 15/53 MP: 4/4
  1551 | D:3      | Noticed Robin
  1567 | D:3      | Killed Robin
  1900 | D:3      | Reached skill level 6 in Unarmed Combat
  2099 | D:3      | HP: 2/53 [gnoll (3)]
  2493 | D:4      | Found a staircase to the Ecumenical Temple.
  2498 | Temple   | Entered the Ecumenical Temple
  2841 | D:4      | Reached XP level 6. HP: 57/62 MP: 5/5
  2894 | D:4      | Noticed Tux's ghost (average DsNe)
  2909 | D:4      | Killed Tux's ghost
  2909 | D:4      | Reached skill level 7 in Unarmed Combat
  2909 | D:4      | Reached XP level 7. HP: 50/71 MP: 6/6
  3021 | D:4      | Noticed a slave
  3022 | D:4      | Noticed Pikel
  3022 | D:4      | Noticed a slave
  3023 | D:4      | Noticed a slave
  3023 | D:4      | Noticed a slave
  3027 | D:4      | Killed a slave
  3043 | D:4      | Killed Pikel
  3043 | D:4      | Reached skill level 5 in Fighting
  3043 | D:4      | Reached skill level 8 in Unarmed Combat
  3178 | D:4      | Reached XP level 8. HP: 77/80 MP: 7/7
  3363 | D:5      | Entered Level 5 of the Dungeon
  3402 | D:5      | Reached skill level 9 in Unarmed Combat
  3478 | D:5      | Found a sparkling altar of Nemelex Xobeh.
  4081 | D:6      | Found Arai's Magic Scroll Boutique.
  4082 | D:6      | Noticed Blork the orc
  4084 | D:6      | Noticed Duvessa
  4084 | D:6      | Noticed Dowan
  4087 | D:6      | Killed Blork the orc
  4092 | D:6      | Killed Duvessa
  4092 | D:6      | Reached skill level 10 in Unarmed Combat
  4103 | D:6      | Killed Dowan
  4236 | D:6      | Noticed a green ugly thing
  4249 | D:6      | Killed a green ugly thing
  4249 | D:6      | Reached XP level 9. HP: 46/91 MP: 8/8
  4372 | D:6      | Got a bloodstained whip
  4397 | D:6      | Got a pitted rapier
  4398 | D:6      | Identified the +7 rapier of the Turnip {pierce, Str+2} (You found it on level 6 of the Dungeon)
  4399 | D:6      | Identified the cursed +1 whip "Daec Gez" {antimagic, Int+4} (You found it on level 6 of the Dungeon)
  4646 | D:6      | Bought a scroll of remove curse for 42 gold pieces
  4779 | D:6      | Noticed Edmund
  4789 | D:6      | Killed Edmund
  5135 | D:6      | Reached skill level 11 in Unarmed Combat
  5373 | D:7      | HP: 4/93 [orc (3)]
  5544 | D:7      | Noticed Duffy's ghost (experienced VSFE)
  5582 | D:7      | Killed Duffy's ghost
  5582 | D:7      | Reached skill level 12 in Unarmed Combat
  5600 | D:7      | Found a snail-covered altar of Cheibriados.
  5601 | D:7      | Found an opulent altar of Gozag.
  5601 | D:7      | Found a shadowy altar of Dithmenos.
  5601 | D:7      | Found a blossoming altar of Fedhas.
  5602 | D:7      | Found a basalt altar of Yredelemnul.
  5604 | D:7      | Found a bloodstained altar of Trog.
  5605 | D:7      | Found a burning altar of Makhleb.
  5663 | D:7      | Noticed Prince Ribbit
  5671 | D:7      | Killed Prince Ribbit
  5671 | D:7      | Reached XP level 10. HP: 74/102 MP: 9/9
  6032 | D:8      | Found a sand-covered staircase.
  6036 | Ossuary  | Entered an ossuary
  6494 | D:8      | Noticed Erica
  6499 | D:8      | Killed Erica
  6504 | D:8      | Reached skill level 13 in Unarmed Combat
  6554 | D:8      | Found a flagged portal.
  6575 | Bailey   | Entered a bailey
  6748 | Bailey   | Noticed a deep elf knight
  6755 | Bailey   | Killed a deep elf knight
  6924 | Bailey   | Reached XP level 11. HP: 86/113 MP: 10/10
  7387 | D:8      | Reached skill level 14 in Unarmed Combat
  8083 | D:10     | Entered Level 10 of the Dungeon
  8161 | D:10     | Found a staircase to the Orcish Mines.
  8183 | D:10     | Found a roughly hewn altar of Beogh.
  8923 | D:11     | Reached skill level 1 in Shields
  9068 | D:11     | Found a staircase to the Lair.
  9189 | D:11     | Noticed urechis's ghost (experienced TrMo)
  9210 | D:11     | Killed urechis's ghost
  9210 | D:11     | Reached skill level 5 in Shields
  9914 | Lair:1   | Entered Level 1 of the Lair of Beasts
  9914 | Lair:1   | Noticed a seven-headed hydra
 10154 | Lair:4   | Reached XP level 12. HP: 103/123 MP: 11/11
 10297 | Lair:4   | Found a staircase to the Snake Pit.
 10628 | Lair:5   | Found a labyrinth entrance.
 12052 | Lair:7   | Noticed urechis's ghost (powerful TrMo)
 12397 | Lair:7   | Found a viscous altar of Jiyva.
 12397 | Lair:7   | Found a staircase to the Slime Pits.
 12401 | Lair:7   | Became a worshipper of Jiyva Jufrus the Shapeless
 12401 | Lair:7   | Acquired Jiyva's first power
 12401 | Lair:7   | Acquired Jiyva's second power
 12554 | Lair:4   | Noticed Rupert
 12573 | Lair:4   | Killed Rupert
 12651 | Lair:1   | Reached skill level 5 in Dodging
 12992 | Orc:1    | Entered Level 1 of the Orcish Mines
 13015 | Orc:1    | Gained mutation: You are covered in slimy tendrils that may disarm your opponents. [Jiyva's grace]
 13044 | Orc:1    | Acquired Jiyva's third power
 13053 | Orc:1    | Gained mutation: Your body is partially covered in golden eyeballs (Acc +3). [Jiyva's grace]
 13245 | Orc:1    | Gained mutation: Your body is mostly covered in golden eyeballs (Acc +5). [Jiyva's grace]
 13248 | Orc:1    | Acquired Jiyva's fourth power
 13635 | Orc:1    | Gained mutation: You are resistant to hostile enchantments. [Jiyva's grace]
 13663 | Orc:1    | Lost mutation: You are covered in slimy tendrils that may disarm your opponents. [Jiyva's grace]
 13897 | Orc:3    | Lost mutation: Your body is mostly covered in golden eyeballs (Acc +5). [Jiyva's grace]
 13932 | Orc:3    | Noticed an orc warlord
 13934 | Orc:3    | Noticed Nessos
 13954 | Orc:2    | Noticed Harold
 13955 | Orc:2    | Lost mutation: Your body is partially covered in golden eyeballs (Acc +3). [Jiyva's grace]
 14109 | Lair:1   | Slimified a seven-headed hydra
 14109 | Lair:1   | Noticed an acid blob
 14109 | Lair:1   | a seven-headed hydra changed into an acid blob
 14128 | Lair:1   | Noticed a five-headed hydra
 14133 | Lair:1   | Slimified a five-headed hydra
 14133 | Lair:1   | a five-headed hydra changed into a slime creature
 14358 | Lair:1   | Found a blossoming altar of Fedhas.
 14500 | Lair:1   | Gained mutation: You have acidic saliva. [Jiyva's grace]
 14589 | Lair:2   | Noticed a four-headed hydra
 14593 | Lair:2   | Slimified a four-headed hydra
 14593 | Lair:2   | Noticed an acid blob
 14593 | Lair:2   | a four-headed hydra changed into an acid blob
 14662 | Lair:2   | Gained mutation: You have a pair of small antennae on your head. [Jiyva's grace]
 14691 | Lair:2   | Reached XP level 13. HP: 123/131 MP: 12/12
 15593 | Lair:3   | Lost mutation: You are resistant to hostile enchantments. [Jiyva's grace]
 15725 | Lair:3   | Found a staircase to the Swamp.
 16100 | Lair:4   | Gained mutation: You regenerate. [Jiyva's grace]
 16360 | Lair:4   | Noticed Maud
 16374 | Lair:4   | Killed Maud
 16591 | Lair:4   | Lost mutation: You have acidic saliva. [Jiyva's grace]
 17118 | Lair:5   | Reached skill level 15 in Unarmed Combat
 17292 | Lair:6   | Noticed an eight-headed hydra
 17297 | Lair:6   | Slimified an eight-headed hydra
 17297 | Lair:6   | Noticed an acid blob
 17297 | Lair:6   | an eight-headed hydra changed into an acid blob
 17521 | Lair:6   | Lost mutation: You regenerate. [Jiyva's grace]
 17581 | Lair:6   | Reached skill level 10 in Fighting
 18504 | Lair:7   | Killed urechis's ghost
 18542 | Lair:7   | Gained mutation: Your flesh is heat resistant. [Jiyva's grace]
 19198 | Lair:8   | Entered Level 8 of the Lair of Beasts
 19209 | Lair:8   | Noticed an azure jelly
 19209 | Lair:8   | a four-headed hydra changed into an azure jelly
 19273 | Lair:8   | Gained mutation: You are dopey. (Int -2) [Jiyva's grace]
 19342 | Lair:8   | Noticed an azure jelly
 19342 | Lair:8   | a four-headed hydra changed into an azure jelly
 19348 | Lair:8   | Noticed an acid blob
 19348 | Lair:8   | an eight-headed hydra changed into an acid blob
 19352 | Lair:8   | Killed an acid blob
 19364 | Lair:8   | Reached XP level 14. HP: 60/144 MP: 7/13
 19376 | Lair:8   | Gained mutation: You have a pair of antennae on your head. [Jiyva's grace]
 19596 | Lair:8   | Gained mutation: You have a small jelly attached to you that may absorb incoming projectiles. [Jiyva's grace]
 19993 | Lair:8   | Gained mutation: You are agile. (Dex +2) [Jiyva's grace]
 20164 | Lair:7   | Lost mutation: You are dopey. (Int -2) [Jiyva's grace]
 20541 | Slime:1  | Entered Level 1 of the Pits of Slime
 20543 | Slime:1  | Noticed an acid blob
 20682 | Slime:3  | Noticed an acid blob
 20694 | Slime:5  | Noticed an acid blob
 20697 | Slime:5  | Noticed an azure jelly
 20703 | Slime:6  | Entered Level 6 of the Pits of Slime
 20710 | Slime:6  | Noticed an acid blob
 20713 | Slime:6  | Noticed an acid blob
 20714 | Slime:6  | Lost mutation: You are agile. (Dex +2) [Jiyva's grace]
 20723 | Slime:6  | Found a viscous altar of Jiyva.
 20725 | Slime:6  | Noticed an acid blob
 20725 | Slime:6  | Noticed an azure jelly
 20725 | Slime:6  | Noticed the royal jelly
 20732 | Slime:6  | Gained mutation: You possess an exceptional clarity of mind. [Jiyva's grace]
 20734 | Slime:6  | Got a slimy rune of Zot
 20736 | Slime:6  | Noticed an acid blob
 20737 | Slime:6  | Gained mutation: Your skin is partially translucent (Stealth, -foe acc). [Jiyva's grace]
 20742 | Slime:6  | Noticed an azure jelly
 20746 | Slime:6  | Noticed an acid blob
 20770 | Slime:6  | Gained mutation: You have a pair of large antennae on your head (SInv). [Jiyva's grace]
 20778 | Slime:6  | Noticed an acid blob
 20815 | Slime:6  | Noticed an azure jelly
 20862 | Slime:6  | Gained mutation: You are resistant to hostile enchantments. [Jiyva's grace]
 20908 | Slime:1  | Noticed an azure jelly
 20924 | Slime:1  | Noticed an acid blob
 20946 | Slime:1  | Noticed an azure jelly
 20960 | Slime:1  | Noticed an azure jelly
 20963 | Slime:1  | Noticed an acid blob
 21239 | Lair:8   | Noticed an azure jelly
 21239 | Lair:8   | a five-headed hydra changed into an azure jelly
 21351 | Lair:8   | Reached skill level 10 in Shields
 21729 | Orc:2    | Killed Harold
 21729 | Orc:2    | Reached skill level 16 in Unarmed Combat
 21815 | Orc:2    | Gained mutation: Your muscles are strong. (Str +2) [Jiyva's grace]
 22036 | Orc:3    | Found a staircase to the Elven Halls.
 22163 | Orc:3    | Noticed an orc warlord
 22203 | Orc:2    | Killed an orc warlord
 22425 | Orc:2    | Gained mutation: You can translocate small distances at will. [Jiyva's grace]
 22445 | Orc:2    | Gained mutation: You are partially covered in iridescent scales (AC +4). [Jiyva's grace]
 22464 | Orc:2    | Killed an orc warlord
 22635 | Orc:3    | Gained mutation: You have supernaturally acute eyesight. [Jiyva's grace]
 22648 | Orc:3    | Killed Nessos
 22801 | Orc:3    | Gained mutation: Armour fits poorly on your pseudopods. [Jiyva's grace]
 23116 | Orc:3    | Lost mutation: Your flesh is heat resistant. [Jiyva's grace]
 23136 | Orc:3    | Noticed Urug
 23154 | Orc:3    | Killed Urug
 23154 | Orc:3    | Reached skill level 10 in Dodging
 23155 | Orc:3    | Lost mutation: Armour fits poorly on your pseudopods. [Jiyva's grace]
 23174 | Orc:3    | Noticed an orc warlord
 23197 | Orc:3    | Gained mutation: Your muscles are very strong. (Str +4) [Jiyva's grace]
 23224 | Orc:2    | Killed an orc warlord
 23237 | Orc:2    | Gained mutation: Your rubbery body absorbs attacks (AC +1). [Jiyva's grace]
 23272 | Orc:3    | Lost mutation: You possess an exceptional clarity of mind. [Jiyva's grace]
 23302 | Orc:3    | Gained mutation: You have a beak for a mouth. [Jiyva's grace]
 23395 | Orc:4    | Entered Level 4 of the Orcish Mines
 23416 | Orc:4    | Found Sukouf's General Store.
 23501 | Orc:4    | Reached XP level 15. HP: 154/154 MP: 14/14
 23537 | Orc:4    | Found a roughly hewn altar of Beogh.
 23556 | Orc:4    | Found Qoerurog's Distillery.
 23574 | Orc:4    | Found Huuntoir's Gadget Shoppe.
 23747 | Orc:4    | Found Noqol's Gadget Shop.
 23776 | Orc:4    | Found Odosuj's General Store.
 23847 | Orc:4    | Found Cadghosup's Book Shoppe.
 23860 | Orc:4    | Found Ocsuygoo's Gadget Boutique.
 24127 | Orc:4    | Lost mutation: You have a small jelly attached to you that may absorb incoming projectiles. [Jiyva's grace]
 24142 | Orc:4    | Found Soveypri's Jewellery Emporium.
 24164 | Orc:4    | Gained mutation: You are good at translocating small distances at will. [Jiyva's grace]
 24278 | Orc:4    | Lost mutation: Your muscles are very strong. (Str +4) [Jiyva's grace]
 24283 | Orc:4    | Lost mutation: You have a beak for a mouth. [Jiyva's grace]
 24314 | Orc:4    | sigh
 24493 | Swamp:1  | Entered Level 1 of the Swamp
 24668 | Swamp:1  | Lost mutation: You have a pair of large antennae on your head (SInv). [Jiyva's grace]
 24819 | Swamp:1  | Noticed a thorn hunter
 24833 | Swamp:1  | Killed a thorn hunter
 25315 | Swamp:2  | Noticed a thorn hunter
 25343 | Swamp:2  | Killed a thorn hunter
 25360 | Swamp:2  | Lost mutation: Your rubbery body absorbs attacks (AC +1). [Jiyva's grace]
 25494 | Swamp:2  | Noticed Nikola
 25502 | Swamp:2  | HP: 7/156 [something (9)]
 25521 | Swamp:2  | Noticed an acid blob
 25521 | Swamp:2  | a five-headed hydra changed into an acid blob
 25537 | Swamp:2  | Killed Nikola
 25603 | Swamp:2  | Reached skill level 1 in Evocations
 25779 | Swamp:2  | Gained mutation: You are agile. (Dex +2) [Jiyva's grace]
 25861 | Swamp:2  | Noticed a thorn hunter
 25875 | Swamp:2  | Killed a thorn hunter
 26674 | Swamp:3  | Noticed a thorn hunter
 26723 | Swamp:3  | Gained mutation: You are frail (-10% HP). [Jiyva's grace]
 26729 | Swamp:3  | Killed a thorn hunter
 26865 | Swamp:3  | Noticed Aizul
 26868 | Swamp:3  | Noticed Kirke
 26873 | Swamp:3  | Noticed a sphinx
 26878 | Swamp:3  | Killed Kirke
 26878 | Swamp:3  | Reached skill level 1 in Armour
 26905 | Swamp:3  | Noticed a thorn hunter
 26930 | Swamp:3  | Killed a thorn hunter
 26930 | Swamp:3  | Reached skill level 17 in Unarmed Combat
 26931 | Swamp:3  | Noticed Mara
 26940 | Swamp:3  | Noticed urechis's illusion
 27161 | Swamp:3  | Noticed Jorgrun
 27169 | Swamp:3  | Killed Jorgrun
 27169 | Swamp:3  | Reached skill level 5 in Evocations
 27236 | Swamp:3  | Lost mutation: You are frail (-10% HP). [Jiyva's grace]
 27262 | Swamp:3  | Killed Aizul
 27272 | Swamp:3  | Lost mutation: Your muscles are strong. (Str +2) [mutagenic meat]
 27675 | Swamp:3  | Noticed urechis's illusion
 27873 | Swamp:4  | Entered Level 4 of the Swamp
 27916 | Swamp:4  | Lost mutation: You have a pair of antennae on your head. [Jiyva's grace]
 28063 | Swamp:4  | Noticed a thorn hunter
 28084 | Swamp:4  | Killed a thorn hunter
 28130 | Swamp:4  | Lost mutation: You are agile. (Dex +2) [Jiyva's grace]
 28219 | Swamp:4  | Noticed a thorn hunter
 28236 | Swamp:4  | Killed a thorn hunter
 28236 | Swamp:4  | Reached XP level 16. HP: 120/165 MP: 14/20
 28379 | Swamp:4  | Noticed an acid blob
 28379 | Swamp:4  | a four-headed hydra changed into an acid blob
 28419 | Swamp:4  | Noticed the 27-headed Lernaean hydra
 28425 | Swamp:4  | Slimified the 27-headed Lernaean hydra
 28425 | Swamp:4  | Noticed a slime creature shaped Lernaean hydra
 28425 | Swamp:4  | the 27-headed Lernaean hydra changed into a slime creature shaped Lernaean hydra
 28448 | Swamp:4  | Killed an acid blob
 28450 | Swamp:4  | Killed a slime creature shaped Lernaean hydra
 28481 | Swamp:4  | Lost mutation: You are resistant to hostile enchantments. [Jiyva's grace]
 28811 | Swamp:4  | Noticed a thorn hunter
 28833 | Swamp:4  | Killed a thorn hunter
 28851 | Swamp:4  | Got a decaying rune of Zot
 29005 | Swamp:4  | Reached skill level 5 in Armour
 29046 | Swamp:4  | Identified a +3 rod of destruction (9/9) (You took it off an orc on level 3 of the Orcish Mines)
 29755 | Snake:1  | Entered Level 1 of the Snake Pit
 29935 | Snake:1  | HP: 4/165 [naga warrior/trident (21)]
 29935 | Snake:1  | Slain by a naga warrior

Vault maps used:
D:1:      minmay_arrival_nine_rooms
D:2:      first_bread, uniq_crazy_yiuf_cottage
D:3:      uniq_robin
D:4:      temple_statues, uniq_pikel
D:5:      minmay_crystal_water, nemelex_deck
D:6:      serial_shops, shop, uniq_edmund, uniq_blork_the_orc, uniq_duvessa
D:7:      minitemple, uniq_prince_ribbit1
D:8:      enter_ossuary_5, enter_bailey_2, hangedman_little_slice_of_home,
          uniq_erica
D:10:     minmay_orc_entry_temple_small
D:11:     minmay_lair_entry_grove, hangedman_decor_push
Temple:   minmay_crystal_spiral_temple_12
Lair:1:   tgw_fedhas
Lair:2:   beast_lair_carwin_6, grunt_megastairs_3
Lair:3:   swamp_mist, nicolae_quartered_pool_little, infiniplex_staircase_pool_2
Lair:4:   guppyfry_snake_entry_garden, minmay_holes, uniq_maud, uniq_rupert
Lair:5:   lab_entry_generic
Lair:7:   dpeg_slime_entry_enclosed_altar, serial_bayou_shore_a
Lair:8:   evilmike_catoblepas_cave
Swamp:1:  serial_swamp_ruin, evilmike_swamp_ruin_house_5,
          evilmike_swamp_ruin_house_2, evilmike_swamp_ruin_house_6, swamp_pool2
Swamp:2:  evilmike_swamp_ruin_house_1, nicolae_swamp_alligator_family,
          uniq_nikola
Swamp:3:  evilmike_swamp_ruin_house_4, uniq_jorgrun, uniq_kirke, uniq_mara,
          uniq_aizul
Swamp:4:  swamp_old_school, swamp_pool1, nicolae_swamp_dense_foliage
Slime:2:  cheibrodos_slime_lost_civilization_2
Orc:1:    library_closet
Orc:2:    nicolae_orc_lava_tube, uniq_harold
Orc:3:    nicolae_orc_pool_cavern, minmay_orc_treasury, uniq_urug, uniq_nessos
Orc:4:    st_orc_town, serial_shops, nicolae_shop_statue_plus, shop, shop, shop
Ossuary:  ossuary_tomb_3
Bailey:   bailey_polearm_3, bailey

Action                   |  1- 3 |  4- 6 |  7- 9 | 10-12 | 13-15 | 16-18 || total
-------------------------+-------+-------+-------+-------+-------+-------++-------
Melee: Unarmed           |    83 |   149 |   286 |   948 |  1655 |   278 ||  3399
       Whip              |       |       |    26 |       |       |       ||    26
 Fire: Blowgun           |       |     4 |       |       |       |       ||     4
Throw: Tomahawk          |       |       |       |       |     5 |       ||     5
Invok: Request Jelly     |       |       |       |     5 |    10 |       ||    15
       Slimify           |       |       |       |     3 |    11 |    11 ||    25
       Jelly Paralyse    |       |       |       |       |    17 |       ||    17
 Abil: Evoke Flight      |       |       |       |       |       |     1 ||     1
Evoke: Wand              |       |       |       |       |     4 |       ||     4
  Use: Scroll            |       |     4 |     2 |    18 |     9 |       ||    33
       Potion            |       |       |     1 |     7 |     6 |     1 ||    15
 Stab: Sleeping          |     1 |     3 |     2 |     6 |    12 |       ||    24
       Confused          |       |       |       |     3 |       |       ||     3
       Distracted        |       |       |       |     1 |     9 |       ||    10
  Eat: Chunk             |    14 |    15 |    25 |    65 |    39 |     4 ||   162
       Fruit             |       |       |       |       |     9 |       ||     9
       Meat ration       |       |       |       |       |       |     1 ||     1
       Beef jerky        |       |       |       |       |       |     1 ||     1
